 Dungeon Crawl Stone Soup version 0.26-a0-227-g1af32d979d (webtiles) character file.

Game seed: 14371277506666320520

30 BritishOli the Slasher (level 3, -2/42 HPs)
             Began as a Demonspawn Gladiator on July 7, 2020.
             Slain by a worm (4 damage)
             ... on level 2 of the Dungeon.
             The game lasted 00:01:12 (923 turns).

BritishOli the Slasher (Demonspawn Gladiator)        Turns: 923, Time: 00:01:13

Health: -2/42      AC: 21    Str: 12 (15) XL:     3   Next: 3%
Magic:  3/3        EV:  2    Int:  6 (9)  God:
Gold:   75         SH:  0    Dex: 11 (14) Spells: 2/2 levels left

rFire    . . .     SeeInvis .   a - +0 long sword
rCold    . . .     Faith    .   (no shield)
rNeg     + + +     Spirit   .   (armour currently unavailable)
rPois    +         Reflect  .   (helmet currently unavailable)
rElec    .         Harm     .   (cloak currently unavailable)
rCorr    .         NoTele   +   (gloves currently unavailable)
MR       .....                  (boots currently unavailable)
Stlth    +.........             (no amulet)
HPRegen  0.14/turn              (no ring)
MPRegen  0.08/turn              (no ring)

@: tree-form
A: demonic guardian 1
a: no special abilities


You were on level 2 of the Dungeon.
You were not hungry.
You were a tree.
You visited 1 branch of the dungeon, and saw 2 of its levels.

You collected 75 gold pieces.

Inventory:

Hand Weapons
 a - a +0 long sword (weapon)
Missiles
 d - 3 throwing nets (quivered)
Armour
 b - a +0 leather armour
 c - a +0 helmet (melded)
 j - a +0 scale mail (melded)
Scrolls
 h - a scroll of blinking {unknown}
 i - 3 scrolls of identify {unknown}
Comestibles
 f - 2 rations


   Skills:
 + Level 2.3 Fighting
 + Level 3.0 Long Blades
 + Level 2.1 Throwing
 + Level 0.7 Armour
 + Level 3.0 Dodging


You had 2 spell levels left.
You didn't know any spells.
Your spell library was empty.

Dungeon Overview and Level Annotations

Branches:
Dungeon (2/15)

Altars:


Innate Abilities, Weirdness & Mutations

((You are partially covered in large bone plates. (SH +4)))
A weak demonic guardian rushes to your aid.


Message History

Your experience leads to an increase in your attributes!
Your base attributes are Str 14, Int 9, Dex 14.
Increase (S)trength, (I)ntelligence, or (D)exterity?
You feel stronger.
Your demonic ancestry asserts itself...
You feel the presence of a demonic guardian.
The worm bites you but does no damage. The worm bites you.
* * * LOW HITPOINT WARNING * * *
You hit the worm but do no damage. You slash the worm!
The worm is moderately wounded.
The worm bites you but does no damage. x2
You hit the worm.
The worm is heavily wounded.
The worm barely misses you.
You riposte.
You hit the worm but do no damage.
The worm is heavily wounded.
The worm bites you but does no damage.
You slash the worm!
The worm is almost dead.
The worm bites you.
You die...

#.#..##.# ###
#...###.# . ...
#..####.# ..# ..
#.......# . ..
#. ### ##.######
..##.#.##.####.#
...............#
##...#w###.####
#...w♣# #.#
....<.[†# #.#
###.#.... ..# #
#...#.###
......# ##...# #
#...# #...#


You could see 2 worms.

Vanquished Creatures
  An adder (D:2)
  A dart slug (D:1)
  A ball python (D:1)
  3 hobgoblins (D:1)
  2 kobolds (D:1)
  3 bats (D:1)
  4 frilled lizards
  2 goblins (D:1)
  3 rats (D:1)
20 creatures vanquished.

Notes
Turn   | Place    | Note
-------+----------+-------------------------------------------
     0 | D:1      | BritishOli the Demonspawn Gladiator began the quest for the
                  | Orb.
     0 | D:1      | Reached XP level 1. HP: 16/16 MP: 1/1
   381 | D:1      | Gained mutation: You are partially covered in large bone
                  | plates. (SH +4) [demonic ancestry]
   381 | D:1      | Reached XP level 2. HP: 21/22 MP: 2/2
   918 | D:2      | HP: 1/33 [worm (5)]
   919 | D:2      | Gained mutation: A weak demonic guardian rushes to your
                  | aid. [demonic ancestry]
   919 | D:2      | Reached XP level 3. HP: 2/28 MP: 3/3
   923 | D:2      | Slain by a worm

Illustrated notes

Levels and vault maps discovered:
D:1:      dpeg_arrival_concentric_ovals, layout_loops_cross,
          roderic_three_in_a_row
D:2:      layout_loops_cross, overflow_temple_1_default,
          chequers_ecumenical_altar_simple

Skill      XL: |  1  2 |
---------------+-------+-----
Throwing       | 2 |  2.1
Long Blades    | 3 |  3.0
Dodging        | 3 |  3.0
Fighting       | |  2.3
Armour         | |  0.7

Action                   || total
-------------------------++-------
Melee: Long sword        ||    69
  Use: Potion            ||     3
Armor: Leather armour    ||     6
       Scale mail        ||    32
       Skin              ||    21
Dodge: Dodged            ||    26
Block: Other             ||     7
       Rpst.: Long sword ||     7

Table legend:
 A = Non-vault XP
 B = Vault XP
 C = Vault XP percentage of total XP
 D = Non-vault monster count
 E = Vault monster count
 F = Vault count percentage of total count
                 A         B        C        D         E       F
            +---------+---------+-------+---------+---------+-------
      Total |      43 |       0 |   0.0 |      20 |       0 |   0.0
            +---------+---------+-------+---------+---------+-------
        D:1 |      29 |       0 |   0.0 |      18 |       0 |   0.0
        D:2 |      14 |       0 |   0.0 |       2 |       0 |   0.0
            +---------+---------+-------+---------+---------+-------
